 Dungeon Crawl Stone Soup version 0.24-a0-272-g1411513 (webtiles) character file.

Game seed: 16663943866088873914

1866 Ijustatesigmund the Basher (level 9, -20/60 HPs)
             Began as an Octopode Fighter on Apr 25, 2019.
             Demolished by a two-headed ogre
             ... wielding a +0 giant club
              (23 damage)
             ... on level 8 of the Dungeon.
             The game lasted 00:11:41 (7129 turns).

Ijustatesigmund the Basher (Octopode Fighter)       Turns: 7129, Time: 00:11:41

Health: -20/60     AC:  3    Str: 16    XL:     9   Next: 13%
Magic:  0/9        EV: 14    Int: 10    God:
Gold:   250        SH: 10    Dex: 14    Spells: 8/8 levels left

rFire    . . .     SeeInvis .   a - +1 flail
rCold    . . .     Gourm    .   b - +1 shield
rNeg     + . .     Faith    .   m - +2 hat
rPois    .         Spirit   +   t - amulet of guardian spirit
rElec    .         Reflect  .   e - ring of positive energy
rCorr    .         Harm     .   l - ring of wizardry
MR       .....                  (no ring)
Stlth    ++........             (no ring)
HPRegen  0.20/turn              (no ring)
MPRegen  0.11/turn              (no ring)
                                (no ring)
                                (no ring)

@: no status effects
A: almost no armour, stealthy swim, amphibious, 8 rings, constrict 8, camouflage
1, gelatinous body 1
a: no special abilities


You were on level 8 of the Dungeon.
You were not hungry.

You visited 2 branches of the dungeon, and saw 8 of its levels.
You also visited: Sewer.

You collected 250 gold pieces.

Inventory:

Hand Weapons
 a - a +1 flail (weapon)
Armour
 b - a +1 shield (worn)
 m - a +2 hat (worn)
Jewellery
 e - a ring of positive energy (left tentacle)
 l - a ring of wizardry (right tentacle)
 t - an amulet of guardian spirit (around mantle)
Wands
 g - a wand of random effects (14)
 j - a wand of flame (24)
 n - a wand of acid (6)
Scrolls
 k - a scroll of remove curse
 p - a scroll of blinking
 q - a scroll of teleportation
 u - a scroll of immolation
 v - a scroll of fear
Potions
 c - 2 potions of might
 f - 3 potions of heal wounds
 h - 2 potions of ambrosia {unknown}
 o - 2 potions of curing
 s - 3 potions of haste
 w - a potion of berserk rage {unknown}
Comestibles
 d - 14 rations


   Skills:
 + Level 4.9 Fighting
 - Level 9.5 Maces & Flails
 + Level 4.9 Dodging
 + Level 4.9 Shields


You had 8 spell levels left.
You didn't know any spells.
Your spell library was empty.

Dungeon Overview and Level Annotations

Branches:
Dungeon (6/15)             Temple (1/1) D:6

Altars:
Ashenzari
Cheibriados
Elyvilon
Fedhas
Kikubaaqudgha
Makhleb
Nemelex Xobeh
Okawaru
Ru
Sif Muna
Trog
Uskayaw
Vehumet
Xom
Yredelemnul
Zin
The Shining One


Innate Abilities, Weirdness & Mutations

You cannot wear most types of armour.
You are very stealthy in the water. (Stealth+)
You are amphibious.
You can wear up to eight rings at the same time.
You can use your tentacles to constrict eight enemies at once.
Your skin changes colour to match your surroundings (Stealth+).
Your rubbery body absorbs attacks. (AC +1, EV +1)


Message History

The two-headed ogre is severely wounded.
You block the two-headed ogre's attack.
The two-headed ogre hits you with a +0 giant club.
You thump the two-headed ogre!
Your squeeze misses the two-headed ogre.
The two-headed ogre is almost dead.
You block the two-headed ogre's attack.
The two-headed ogre hits you with a +0 giant club!
You are too injured to fight recklessly!
You are too injured to fight recklessly!
You are too injured to fight recklessly!
You are too injured to fight recklessly!
You barely miss the two-headed ogre.
The two-headed ogre is almost dead.
You completely miss the two-headed ogre.
The two-headed ogre is almost dead.
The two-headed ogre hits you with a +0 giant club!!
* * * LOW HITPOINT WARNING * * *
The two-headed ogre hits you with a +0 giant club!!
You die...

##### ### #.#.##
##.#
#.##.#####.##
#.###......#
#....†####.##
##......###..##
##..####..##...##
##..##
##..##...## #.@##
#......... #.O#
##........ ...##
#........ .....
#.........
.......
#..........
.......
..........#
.......
.......#...#
.......
.y.....##...#
.......###..##


You could see a two-headed ogre.

Vanquished Creatures
  A water moccasin (D:8)
  A phantom (D:6)
  A sky beast (D:5)
  4 ogres
  A centaur (D:5)
  2 bullfrogs (Sewer)
  A gnoll sergeant (D:6)
  A scorpion (Temple)
  2 crimson imps (D:5)
  A bullfrog skeleton (D:5)
  A centaur skeleton (D:4)
  A bullfrog zombie (D:5)
  4 hounds
  Jessica (D:2)
  4 iguanas
  Natasha (thrice) (D:2)
  6 worker ants
  A worker ant zombie (D:6)
  6 adders
  11 gnolls
  A shadow imp (D:5)
  An ooze (D:2)
  3 worms
  A dart slug (D:2)
  6 leopard geckos
  8 orcs
  6 ball pythons
  6 giant cockroaches
  6 goblins
  6 hobgoblins
  13 jackals
  11 kobolds
  9 bats
  9 frilled lizards
  A quokka skeleton (D:4)
  13 rats
153 creatures vanquished.

Notes
Turn   | Place    | Note
-------+----------+-------------------------------------------
     0 | D:1      | Ijustatesigmund the Octopode Fighter began the quest for
                  | the Orb.
     0 | D:1      | Reached XP level 1. HP: 16/16 MP: 1/1
   283 | D:1      | Reached XP level 2. HP: 18/21 MP: 2/2
   499 | D:1      | Reached skill level 3 in Maces & Flails
  1088 | D:1      | Reached XP level 3. HP: 26/26 MP: 3/3
  1224 | D:2      | Noticed Natasha
  1228 | D:2      | Killed Natasha
  1228 | D:2      | Reached skill level 4 in Maces & Flails
  1529 | D:2      | Reached XP level 4. HP: 31/31 MP: 4/4
  1724 | D:3      | Found a snail-covered altar of Cheibriados.
  2098 | D:3      | Found a shimmering altar of Xom.
  2284 | D:2      | Noticed Natasha
  2290 | D:2      | Killed Natasha
  2290 | D:2      | Reached skill level 5 in Maces & Flails
  2290 | D:2      | Reached XP level 5. HP: 28/36 MP: 5/5
  2404 | D:2      | Noticed Natasha
  2406 | D:2      | Found a faded altar of an unknown god.
  2412 | D:2      | Killed Natasha
  2797 | D:2      | Noticed Jessica
  2800 | D:2      | Killed Jessica
  2800 | D:2      | Reached skill level 6 in Maces & Flails
  2845 | D:2      | Found a white marble altar of Elyvilon.
  3028 | D:4      | Reached XP level 6. HP: 42/42 MP: 6/6
  3386 | D:4      | Reached skill level 7 in Maces & Flails
  3386 | D:4      | Reached XP level 7. HP: 35/46 MP: 4/7
  4081 | D:5      | Entered Level 5 of the Dungeon
  4111 | D:5      | Reached skill level 8 in Maces & Flails
  4239 | D:5      | Found a glowing drain.
  4277 | Sewer    | Entered a sewer
  4430 | Sewer    | Reached skill level 9 in Maces & Flails
  4437 | Sewer    | Got a smoking hunting sling
  4438 | Sewer    | Identified the +2 hunting sling "Ketagh" {speed, rN+ Str-4
                  | Dex+4} (You found it in a sewer)
  4571 | D:5      | Found a burning altar of Makhleb.
  4588 | D:5      | Reached XP level 8. HP: 44/52 MP: 6/8
  5630 | D:6      | Found a staircase to the Ecumenical Temple.
  5875 | Temple   | Entered the Ecumenical Temple
  6744 | D:6      | Reached XP level 9. HP: 50/59 MP: 6/9
  6930 | D:6      | You fall through a shaft for 2 floors!
  7006 | D:8      | Identified a scroll of acquirement
  7043 | D:8      | Noticed a cyclops
  7118 | D:8      | Noticed a two-headed ogre
  7129 | D:8      | HP: 3/60 [two-headed ogre/+0 giant club (17)]
  7129 | D:8      | Demolished by a two-headed ogre

Levels and vault maps discovered:
D:1:      onia_arrival_handbag, layout_basic
D:2:      layout_loops_cross, nicolae_overflow_crystal_walls,
          chequers_ecumenical_altar_simple, uniq_natasha, uniq_jessica
D:3:      layout_rooms, lemuel_doored_altar, lemuel_round_altar, first_ration
D:4:      layout_gridville
D:5:      layout_basic, basic_altar, portal_sewer_entry_f
D:6:      layout_cave_pools, kennysheep_mini, gammafunk_temple_overflow_statue,
          minmay_temple_entry_wispy, serial_gnoll_camp,
          gnoll_camp_mini_doghouse, gnoll_camp_mini_hut, gnoll_camp_mini_house,
          gnoll_camp_mini_house
D:8:      gammafunk_the_bubble [the_bubble_gammafunk_crates], layout_layer_cave,
          old_standard_altar, serial_shops, shop
Temple:   minmay_temple_curvy_branch
Sewer:    sewer_frog_island_01

Skill      XL: |  1  2  3  4  5  6  7  8 |
---------------+-------------------------+-----
Maces & Flails | 3 4 5 6 7 9 |  9.5
Fighting       | 4 |  4.9
Dodging        | 4 |  4.9
Shields        | 4 |  4.9

Action                   |  1- 3 |  4- 6 |  7- 9 || total
-------------------------+-------+-------+-------++-------
Melee: Flail             |    54 |    98 |   219 ||   371
       Constrict         |    15 |    27 |    41 ||    83
       Tentacles         |    12 |    20 |    48 ||    80
Evoke: Wand              |       |     1 |     5 ||     6
  Use: Scroll            |     1 |     9 |     6 ||    16
 Stab: Sleeping          |     7 |     9 |     7 ||    23
  Eat: Chunk             |     2 |     6 |     8 ||    16
       Ration            |       |       |     1 ||     1
Armor: Skin              |     4 |    14 |    28 ||    46
Dodge: Dodged            |     9 |    45 |   103 ||   157
Block: Shield            |    19 |    44 |   126 ||   189

Table legend:
 A = Non-vault XP
 B = Vault XP
 C = Vault XP percentage of total XP
 D = Non-vault monster count
 E = Vault monster count
 F = Vault count percentage of total count
                 A         B        C        D         E       F
            +---------+---------+-------+---------+---------+-------
      Total |    2121 |     545 |  20.4 |     115 |      38 |  24.8
            +---------+---------+-------+---------+---------+-------
        D:1 |      64 |       4 |   5.9 |      25 |       4 |  13.8
        D:2 |     162 |      73 |  31.1 |      28 |       2 |   6.7
        D:3 |      15 |       0 |   0.0 |      10 |       0 |   0.0
        D:4 |     446 |       0 |   0.0 |      19 |       0 |   0.0
        D:5 |     641 |      46 |   6.7 |      21 |       8 |  27.6
        D:6 |     459 |     168 |  26.8 |       7 |       5 |  41.7
        D:8 |     262 |       0 |   0.0 |       4 |       0 |   0.0
     Temple |      72 |      14 |  16.3 |       1 |       1 |  50.0
      Sewer |       0 |     240 | 100.0 |       0 |      18 | 100.0
            +---------+---------+-------+---------+---------+-------
